 Dungeon Crawl Stone Soup version 0.31-b1-18-g61460d1e46 (webtiles) character file.

Game seed: 6044152023264283011

2879 NamelessAdventurer the Ducker (level 10, -4/69 HPs)
             Began as a Djinni Alchemist on Jan 17, 2024.
             Was a Priest of Cheibriados.
             Hit by a stone thrown by Duvessa (7 damage)
             ... on level 6 of the Dungeon.
             The game lasted 00:25:43 (7118 turns).

NamelessAdventurer the Ducker (Djinni Alchemist)    Turns: 7118, Time: 00:25:43

Health: -4/69      AC:  3    Str: 16    XL:     10   Next: 5%
Gold:   450        EV: 21    Int: 27    God:    Cheibriados [***...] SH:  0 Dex: 22

rFire   + + .        g - +3 falchion (elec)
rCold   x . .        (no shield)
rNeg    . . .        a - +1 robe
rPois   ∞            (no helmet)
rElec   .            (no cloak)
rCorr   .            (no gloves)
SInv    +            (boots unavailable)
Will    +....        (no amulet)
Stlth   ++++         e - ring of see invisible
HPRegen 0.31/turn    h - +5 ring of evasion
MPRegen 0.00/turn

%: infuse magic (-5 HP)
@: about to teleport, flying, very slow
A: sickness immunity, fire resistance 2, cold vulnerability 1, float, innate
caster, HP casting, extra vitality 1, thin skeletal structure 1
a: Renounce Religion, Bend Time, Temporal Distortion


You were on level 6 of the Dungeon.
You worshipped Cheibriados.
Cheibriados was most pleased with you.
You visited 2 branches of the dungeon, and saw 7 of its levels.
You also visited: Sewer and Ossuary.

You collected 450 gold pieces.

Inventory:

Hand Weapons
 g - a +3 falchion of electrocution (weapon)
Armour
 a - a +1 robe (worn)
Jewellery
 e - a ring of see invisible (left hand)
 h - a +5 ring of evasion (right hand)
 x - a ring of fire
Scrolls
 f - 4 scrolls of vulnerability
 i - a scroll of noise
 o - 2 scrolls of poison
 q - a scroll of immolation
 v - 2 scrolls of amnesia
Potions
 b - a potion of ambrosia {unknown}
 c - 3 potions of resistance
 j - a potion of magic {unknown}
 l - 3 potions of haste
 m - a potion of brilliance
 r - a potion of mutation
 s - a potion of attraction
 t - 2 potions of degeneration {unknown}
 u - a potion of lignification {unknown}


   Skills:
 * Level 4.4 Fighting
 * Level 4.1(5.3) Short Blades
 * Level 5.3(6.0) Long Blades
 * Level 4.5 Armour
 * Level 5.8 Dodging
 * Level 5.0 Stealth
 * Level 4.3 Spellcasting
 * Level 4.3 Conjurations
 * Level 4.3 Hexes
 * Level 4.3 Summonings
 * Level 4.3 Necromancy
 * Level 4.3 Translocations
 * Level 4.3 Fire Magic
 * Level 4.3 Ice Magic
 * Level 4.3 Air Magic
 * Level 4.3 Earth Magic
 * Level 4.3 Alchemy
 * Level 1.1 Invocations
 * Level 0.1 Evocations


You knew the following spells:

 Your Spells              Type           Power      Damage    Failure   Level
a - Sting                 Conj/Alch      100%       1d9       1%          1
b - Mercury Vapours       Alch/Air       58%        N/A       1%          2
c - Mephitic Cloud        Conj/Alch/Air  29%        N/A       4%          3
d - Olgreb's Toxic Radia  Alch           29%        N/A       13%         4
e - Sticky Flame          Fire/Alch      29%        2d7       13%         4
f - Sandblast             Erth           58%        2d13      1%          1
g - Lesser Beckoning      Tloc           58%        N/A       1%          2
h - Confusing Touch       Hex            29%        N/A       4%          3
i - Vampiric Draining     Necr           29%        2d8       4%          3
Your spell library was empty.

Dungeon Overview and Level Annotations

Branches:
Dungeon (6/15)             Temple (1/1) D:5           Sewer (visited)
Ossuary (visited)

Altars:
Ashenzari
Cheibriados
Dithmenos
Elyvilon
Fedhas
Gozag
Hepliaklqana
Makhleb
Nemelex Xobeh
Qazlal
Uskayaw
Yredelemnul
Zin

Annotations:
D:6 Dowan, Duvessa


Innate Abilities, Weirdness & Mutations

You are immune to sickness and miasma.
You are immune to poison.
Your flesh is very heat resistant. (rF++)
You are vulnerable to cold. (rC-)
You float through the air rather than walking.
You learn spells naturally, not from books.
Your magical power is your life essence.
You have superior vitality. (+4 MHP)
You have a somewhat thin skeletal structure. (Dex +2, Stealth+)


Message History

The wight closely misses you.
Aiming: Sting (safe; 1% risk of failure)
Press: ? - help, Q - select action, (/) - cycle Shift-Dir - straight line, f/p - wight
Aim: a wight, wielding a +0 trident and wearing a +0 robe (almost destroyed, 78% to hit)
The sting hits the wight.
The wight partially resists.
You destroy the wight!
Cheibriados appreciates the change of pace.
* * * LOW HITPOINT WARNING * * *
Your Stealth skill increases to level 5!
Unknown command.
You feel better.
Dowan generates a fountain of clear water, and laughs cruelly.
Dowan gestures at you while chanting. The puff of frost hits you!
You feel a terrible chill!
* * * LOW HITPOINT WARNING * * *
Aiming: Bolt of Light
Press: ? - help, Shift-Dir - straight line, f - Dowan
Aim: Dowan, wielding a +2 dagger of draining and wearing a +0 robe (60% to hit)
The bolt of light misses Dowan.
Dowan casts a spell at you. The puff of frost hits you!
You feel a terrible chill!
* * * LOW HITPOINT WARNING * * *
Aiming: Bolt of Light
Press: ? - help, Shift-Dir - straight line, f/p - Dowan
Aim: Dowan, wielding a +2 dagger of draining and wearing a +0 robe (60% to hit)
The bolt of light misses Dowan.
Dowan gestures at you while chanting.
You easily resist.
Unknown command.
Aiming: Bolt of Light
Press: ? - help, Shift-Dir - straight line, f/p - Dowan
Aim: Dowan, wielding a +2 dagger of draining and wearing a +0 robe (60% to hit)
The bolt of light misses Dowan.
The now-empty wand crumbles to dust.
Dowan gestures wildly while chanting.
Dowan blinks!
Unknown command.
As you read the scroll of teleportation, it crumbles to dust.
You feel strangely unstable.
Duvessa throws a stone.
The stone hits you!
You die...

#.####.# #.#.#.##
#§#=#######.#.#.#
#§#..##.....#.#.#
#§#...#+###.#.#.#
#.###_+.....# #.#.#.##
#...#§#...#'###.#....##
#....§#..##...........#
#...§§#(###.....#.....#
#.....###.@.......#.#.#
##..##.##.####..###.#.#
#######..##.##.####..###.#.#
#.......e....e...........#.#
#e#####..#####.###..######.#
#.# #..#####§###..# #.# ##.#
#..........))).######.# #.Z#
##..#####..)..........# ...#
##.........)..########


You could see Duvessa.

Vanquished Creatures
  Grinder (D:4)
  Eustachio (D:4)
  Edmund (D:5)
  A black bear (D:5)
  2 orc warriors (D:6)
  An elephant zombie (D:6)
  An ogre (D:5)
  A centaur (D:5)
  5 elf zombies
  A bullfrog (Sewer)
  An elf skeleton (D:5)
  A scorpion (D:4)
  3 wights (D:6)
  A bombardier beetle (D:5)
  A centaur zombie (Ossuary)
  A gnoll bouda (D:6)
  A human zombie (D:5)
  5 human skeletons (D:5)
  3 iguanas
  3 scorpion zombies (D:6)
  3 orc wizards (D:6)
  5 ogre zombies
  3 hound zombies (D:6)
  7 mummies (Ossuary)
  2 howler monkey zombies (D:6)
  13 adders
  14 gnolls
  A shadow imp (D:5)
  2 white imps
  6 adder zombies
  10 dart slugs
  12 orcs
  3 bats
  12 endoplasms
  15 giant cockroaches
  A gnoll zombie (Ossuary)
  7 goblins
  9 hobgoblins
  17 jackals
  25 kobolds
  6 quokkas
  11 ball pythons
  11 frilled lizards (Sewer)
  6 goblin zombies (Ossuary)
  3 hobgoblin zombies (Ossuary)
  3 kobold zombies (Ossuary)
  3 orc skeletons (D:5)
  4 quokka zombies (Ossuary)
  5 rats
  2 rat zombies (Ossuary)
256 creatures vanquished.

Vanquished Creatures (others)
  A kobold brigand (D:5)
  A kobold (D:5)
2 creatures vanquished.

Grand Total: 258 creatures vanquished

Notes
Turn   | Place    | Note
-------+----------+-------------------------------------------
     0 | D:1      | NamelessAdventurer the Djinni Alchemist began the quest for
                  | the Orb.
     0 | D:1      | NamelessAdventurer set off with the following spells
                  | memorised: Sting, Mercury Vapours, Mephitic Cloud, Olgreb's
                  | Toxic Radiance, Sticky Flame.
     0 | D:1      | Reached XP level 1. HP: 15/15 MP: 0/0
    48 | D:1      | Reached XP level 2. HP: 7/21 MP: 0/0
   337 | D:2      | Reached XP level 3. HP: 16/26 MP: 0/0
   337 | D:2      | Learned a level 1 spell: Sandblast
   572 | D:3      | Reached XP level 4. HP: 15/31 MP: 0/0
   581 | D:3      | Reached skill level 1 in Fighting
   581 | D:3      | Reached skill level 1 in Armour
   717 | D:3      | Found a stormy altar of Qazlal.
   866 | D:4      | Reached XP level 5. HP: 29/37 MP: 0/0
   866 | D:4      | Learned a level 2 spell: Lesser Beckoning
   867 | D:4      | Reached skill level 1 in Short Blades
   947 | D:4      | Found a glowing drain.
   956 | Sewer    | Entered a sewer
  1063 | Sewer    | Reached XP level 6. HP: 24/43 MP: 0/0
  1450 | Sewer    | Reached XP level 7. HP: 8/49 MP: 0/0
  1450 | Sewer    | Learned a level 3 spell: Confusing Touch
  1689 | D:4      | Noticed Eustachio
  1708 | D:4      | Killed Eustachio
  1802 | D:4      | Gained mutation: You have a somewhat thin skeletal
                  | structure. (Dex +2, Stealth+) [potion of mutation]
  2099 | D:4      | Noticed Grinder
  2117 | D:4      | Paralysed by Grinder for 4 turns
  2126 | D:4      | Paralysed by Grinder for 4 turns
  2146 | D:4      | Killed Grinder
  2147 | D:4      | Reached skill level 1 in Long Blades
  2147 | D:4      | Reached XP level 8. HP: 13/55 MP: 0/0
  2393 | D:5      | Entered Level 5 of the Dungeon
  2495 | D:5      | Found a sand-covered staircase.
  2509 | Ossuary  | Entered an ossuary
  3417 | D:5      | Reached skill level 5 in Dodging
  3441 | D:5      | Reached XP level 9. HP: 46/61 MP: 0/0
  3441 | D:5      | Learned a level 3 spell: Vampiric Draining
  3532 | D:5      | Found a sparkling altar of Nemelex Xobeh.
  3762 | D:5      | Found a staircase to the Ecumenical Temple.
  3779 | Temple   | Entered the Ecumenical Temple
  3791 | Temple   | Became a worshipper of Cheibriados the Contemplative
  3872 | D:5      | Noticed Edmund
  3885 | D:5      | Killed Edmund
  4172 | D:5      | Reached * piety under Cheibriados
  6022 | D:1      | Reached ** piety under Cheibriados
  6284 | D:1      | Found a faded altar of an unknown god.
  6699 | D:6      | Reached *** piety under Cheibriados
  6814 | D:6      | Found a basalt altar of Yredelemnul.
  6944 | D:6      | Noticed Duvessa
  6987 | D:6      | Reached skill level 5 in Long Blades
  6993 | D:6      | Reached skill level 1 in Invocations
  7030 | D:6      | Reached XP level 10. HP: 41/69 MP: 0/0
  7104 | D:6      | Noticed Dowan
  7111 | D:6      | Reached skill level 5 in Stealth
  7114 | D:6      | HP: 1/69 [Dowan/puff of frost (7)]
  7118 | D:6      | Hit by a stone thrown by Duvessa

Illustrated notes

Levels and vault maps discovered:
D:1:      kennysheep_arrival_forest, layout_basic,
          hellmonk_ecumenical_altar_prayer_group
D:2:      layout_basic
D:3:      layout_basic, nicolae_qazlal_general_emergency, chequers_arboretum,
          ebering_dispersal_statue_hall, chequers_mini_garden
D:4:      layout_cave_pools, gup_sewer_entry_pipe, uniq_eustachio, uniq_grinder
D:5:      kennysheep_kobold_camp, layout_rooms, nemelex_altar_shiori,
          temple_green, nicolae_ossuary_entry_catacombs, uniq_edmund
D:6:      layout_loops_ring, trog_butcher_becter, lemuel_crystal_altar,
          minmay_misc_feat_cross, kennysheep_nondescript,
          roadster_capsule_ark_zombie, uniq_crazy_yiuf_cottage, uniq_duvessa
Temple:   dshaligram_water_room_temple

Skill      XL: |  1  2  3  4  5  6  7  8  9 10 |
---------------+-------------------------------+-----
Stealth        | 2 3 4 5 |  5.0
Fighting       | 1 2 3 4 |  4.4
Armour         | 1 2 3 4 |  4.5
Dodging        | 3 4 5 |  5.8
Short Blades   | 1 2 3 4 |  4.1
Long Blades    | 1 3 5 |  5.3
Spellcasting   | 4 |  4.3
Conjurations   | 4 |  4.3
Hexes          | 4 |  4.3
Summonings     | 4 |  4.3
Necromancy     | 4 |  4.3
Translocations | 4 |  4.3
Fire Magic     | 4 |  4.3
Ice Magic      | 4 |  4.3
Air Magic      | 4 |  4.3
Earth Magic    | 4 |  4.3
Alchemy        | 4 |  4.3
Invocations    | 1 |  1.1
Evocations     | |  0.1

Action                     |  1- 3 |  4- 6 |  7- 9 | 10-12 || total
---------------------------+-------+-------+-------+-------++-------
  Melee: Dagger            |    31 |     3 |       |       ||    34
         Short sword       |       |    62 |     9 |       ||    71
         Punch             |       |     1 |     7 |       ||     8
         Falchion          |       |       |   397 |     4 ||   401
   Cast: Sting             |    14 |     7 |     5 |     1 ||    27
         Mercury Vapours   |     7 |     7 |     6 |       ||    20
         Mephitic Cloud    |     1 |     3 |    10 |       ||    14
         Sandblast         |     1 |       |       |       ||     1
         Olgreb's Toxic Ra |       |    19 |    16 |       ||    35
         Vampiric Draining |       |       |    10 |       ||    10
  Evoke: Wand              |       |       |       |     5 ||     5
    Use: Scroll            |     4 |     1 |    16 |     1 ||    22
         Potion            |       |     3 |    10 |     1 ||    14
   Stab: Sleeping          |     2 |     2 |    30 |       ||    34
         Confused          |     1 |       |     3 |       ||     4
 Armour: Robe              |    21 |    49 |   137 |    11 ||   218
  Dodge: Dodged            |    45 |    70 |   341 |     7 ||   463
